Description

iGXY 2021 TvT aggressively attack

VOD

https://www.bilibili.com/video/BV1wK4y1n7TH

Replay - 鸟哥2021最新TVT丢坦克流

Build Order

Get SALT Encoding   

  12  0:00  SCV  
  13  0:12  SCV  
  14  0:17  Supply Depot  
  14  0:24  SCV  
  15  0:39  SCV  
  15  0:40  Barracks  
  16  0:44  Refinery  
  16  0:51  SCV  
  16  0:55  Refinery  
  17  1:03  SCV  
  18  1:15  SCV  
  19  1:27  Reaper, Orbital Command  
  19  1:30  Supply Depot  
  20  1:43  Factory  
  20  1:48  Action  3 SCVs for gas
  20  1:53  SCV  
  21  1:59  Reaper, Action  4 SCVs for gas
  22  2:05  SCV  
  23  2:17  SCV  
  23  2:21  Command Center  
  24  2:27  Hellion  
  27  2:31  Barracks Reactor  
  27  2:41  Starport, Action  6 SCVs for gas
  28  2:50  Supply Depot  
  28  2:52  Factory Tech Lab  
  29  3:11  Siege Tank  
  29  3:12  Marine x2  
  35  3:26  Medivac  
  38  3:34  Orbital Command  
  39  3:35  Marine x2  
  41  3:41  Refinery  
  42  3:50  Cyclone  If attack ok, go for attacking, otherwise stay at home
  45  3:56  Marine x2  
  48  3:58  Action  Timing attack with one tank & 4 marines by drop with reapers and hellion
  49  4:03  Starport Tech Lab  
  49  4:09  Supply Depot  
  50  4:14  Marine x2  
  53  4:22  Supply Depot  
  54  4:31  Raven  
  53  4:32  Marine x2  
  56  4:39  Siege Tank  
  52  5:09  Command Center  
  52  5:11  Siege Tank  
  58  5:15  Raven  
  67  5:43  Siege Tank  
  71  6:02  Action  Switch barrack and starport
  71  6:14  Stimpack, Action, Viking  Timing attack
  71  6:15  Siege Tank  
  78  6:22  Refinery  
  78  6:25  Barracks x2  
  79  6:31  Orbital Command  
  81  6:40  Engineering Bay x2  
  84  6:47  Siege Tank  
  74  7:15  Orbital Command  
  69  7:17  Viking x2  
  69  7:19  Siege Tank  
  69  7:21  Terran Infantry Weapons Level 1, Terran Infantry Armor Level 1  
  77  7:29  Barracks Reactor x2  
  72  7:32  Barracks x2  
  75  7:47  Viking x2  
  82  7:51  Siege Tank  
  87  8:02  Combat Shield  Fly 3rd base
  89  8:07  Refinery x2  
  95  8:20  Barracks Reactor x2  If opponent go Bio, otherwise two tech labs
  95  8:23  Siege Tank  
  104  8:31  Viking x2  No more than 4 Medivacs
  112  8:54  Armory  
  112  8:55  Siege Tank  
  112  9:02  Viking x2  
  123  9:10  Concussive Shells  
  136  9:32  Viking  
  141  9:39  Command Center  4rd
  142  10:00  Action  Reach 5 BB & 2 VF & 3 VS
Spawning Tool Build Advisor. Get it on Overwolf

Go to:

Details

  • Created by: meijieru
  • Published on: Aug 04, 2021
  • Modified on: Aug 17, 2021
  • Patch: 4.11.0
  • Difficulty: Hard
Show
View Real Time Build Order
Export as new Build Order

Comments (0)

There are no comments. Be the first!

Create an account to comment!